 Dungeon Crawl Stone Soup version 0.29.0-11-gd7f09526c8 (webtiles) character file.

Game seed: 5798925205020997256

49 Strat the Chopper (level 3, 0/33 HPs)
             Began as a Hill Orc Monk on Sept 3, 2022.
             Slain by Sigmund
             ... wielding a +0 scythe
              (6 damage)
             ... on level 2 of the Dungeon.
             The game lasted 00:03:04 (1233 turns).

Strat the Chopper (Hill Orc Monk)                   Turns: 1233, Time: 00:03:05

Health: 0/33       AC:  6    Str: 15    XL:     3   Next: 75%
Magic:  3/3        EV: 11    Int: 10    God:
Gold:   71         SH:  0    Dex: 13    Spells: 2/2 levels left

rFire   . . .      SeeInvis .   a - +0 hand axe
rCold   . . .      Faith    .   (no shield)
rNeg    . . .      Spirit   .   h - +0 ring mail
rPois   .          Reflect  .   (no helmet)
rElec   .          Harm     .   (no cloak)
rCorr   .          Rampage  .   i - +0 pair of gloves
Will    .....                   (no boots)
Stlth   +.........              (no amulet)
HPRegen 0.11/turn               (no ring)
MPRegen 0.08/turn               (no ring)

@: no status effects
A: no striking features
a: no special abilities


You were on level 2 of the Dungeon.
You visited 1 branch of the dungeon, and saw 2 of its levels.

You collected 71 gold pieces.

Inventory:

Hand Weapons
 a - a +0 hand axe (weapon)
Armour
 b - a +0 robe
 d - a +0 leather armour
 h - a +0 ring mail (worn)
 i - a +0 pair of gloves (worn)
Scrolls
 f - a scroll of immolation {unknown}
 g - a scroll of identify {unknown}
 k - a scroll of fog {unknown}
 l - a scroll of magic mapping {unknown}
Potions
 e - 3 potions of lignification {unknown}
 j - a potion of curing {unknown}


   Skills:
 - Level 3.6 Fighting
 + Level 5.5 Axes
 + Level 1.6 Armour
 - Level 2.4 Dodging
 - Level 1.6 Stealth


You had 2 spell levels left.
You didn't know any spells.
Your spell library contained the following spells:

 Spells                   Type           Power      Damage    Failure   Level
 Static Discharge         Conj/Air       0%         3-3/arc   73%         2
 Lightning Bolt           Conj/Air       0%         1d11      100%        5
 Maxwell's Capacitive Co  Air            0%         ∞         100%        8


Dungeon Overview and Level Annotations

Branches:
Dungeon (2/15)

Altars:

Annotations:
D:2 Sigmund


Message History

The adder is almost dead.
The adder closely misses you.
You bump into the rock wall.
Something hits you but does no damage. The adder barely misses you.
You're too confused to move!
The adder closely misses you. Something hits you!
* * * LOW HITPOINT WARNING * * *
The adder barely misses you.
You completely miss the adder.
The adder is almost dead.
The adder bites you but does no damage.
You bump into the rock wall.
Something hits you. The adder bites you but does no damage.
You slash the adder!
You kill the adder!
You feel less invigorated.
You feel less confused. Something hits you!
* * * LOW HITPOINT WARNING * * *
You hear some strange, mumbled words.
A puff of flame appears from out of thin air!
The puff of flame hits you.
* * * LOW HITPOINT WARNING * * *
You closely miss something. Something hits you.
* * * LOW HITPOINT WARNING * * *
You miss something. You barely miss something. Something hits you!
* * * LOW HITPOINT WARNING * * *
You closely miss something. Something hits you but does no damage.
You closely miss something. You barely miss something.
You hear some strange, mumbled words.
A magic dart appears from out of thin air!
The magic dart hits you.
* * * LOW HITPOINT WARNING * * *
You closely miss something. Something completely misses you.
You hit something. Something hits you.
* * * LOW HITPOINT WARNING * * *
You hit something but do no damage. You closely miss something.
Something hits you.
You die...

############# ##### #
#......@. ..#
###...###### #.# #.#
#........... #.# #.#
##.#...####.. #@# #@#
#............ #.#
##{## #............
#.#
####...###.........##.
#.#
#...........#..)######
#.# #.##...######..)#
# #.#####.###.## #...#
#..†.@......# ##.##
#######.##### #.# #.#
#.#


There were no monsters in sight!

Vanquished Creatures
  An adder (D:2)
  A worm (D:2)
  A dart slug (D:2)
  2 ball pythons
  3 endoplasms
  A giant cockroach (D:1)
  5 goblins
  6 hobgoblins
  A quokka (D:1)
  3 frilled lizards
  6 kobolds
30 creatures vanquished.

Notes
Turn   | Place    | Note
-------+----------+-------------------------------------------
     0 | D:1      | Strat the Hill Orc Monk began the quest for the Orb.
     0 | D:1      | Reached XP level 1. HP: 19/19 MP: 1/1
   231 | D:1      | Reached XP level 2. HP: 22/27 MP: 2/2
   504 | D:1      | Reached skill level 5 in Axes
   813 | D:2      | Reached XP level 3. HP: 26/33 MP: 3/3
   951 | D:2      | Reached skill level 1 in Armour
  1177 | D:2      | Noticed Sigmund
  1233 | D:2      | Slain by Sigmund

Illustrated notes

Levels and vault maps discovered:
D:1:      minmay_arrival_four_houses, layout_rooms, serial_glass,
          glass_columns_b, glass_columns_a
D:2:      layout_loops_ring, uniq_sigmund

Skill      XL: |  1  2  3 |
---------------+----------+-----
Axes           | 5 |  5.5
Armour         | 1 |  1.6
Fighting       | |  3.6
Dodging        | |  2.4
Stealth        | |  1.6

Action                   || total
-------------------------++-------
Melee: Hand axe          ||   132
       Punch             ||     3
  Use: Potion            ||     1
Armor: Leather armour    ||     1
       Ring mail         ||    51
Dodge: Dodged            ||    54
